 Dungeon Crawl Stone Soup version 0.31.0-12-g77e489cdc1 (webtiles) character file.

Game seed: 6906143471209668376

3 Marvel the Caller (level 1, 0/10 HPs)
             Began as a Deep Elf Summoner on Feb 15, 2024.
             Slain by a quokka (3 damage)
             ... on level 1 of the Dungeon.
             The game lasted 00:00:26 (83 turns).

Marvel the Caller (Deep Elf Summoner)                 Turns: 83, Time: 00:00:27

Health: 0/10       AC:  2    Str:  5    XL:     1   Next: 41%
Magic:  1/6        EV: 12    Int: 19    God:
Gold:   0          SH:  0    Dex: 15    Spells: 5/6 levels left

rFire   . . .        (no weapon)
rCold   . . .        (no shield)
rNeg    . . .        a - +0 robe
rPois   .            (no helmet)
rElec   .            (no cloak)
rCorr   .            (no gloves)
SInv    .            (no boots)
Will    .....        (no amulet)
Stlth   ++           (no ring)
HPRegen 0.21/turn    (no ring)
MPRegen 0.10/turn

%: no passive effects
@: no status effects
A: no striking features
a: no special abilities


You were on level 1 of the Dungeon.
You visited 1 branch of the dungeon, and saw 1 of its levels.

Inventory:

Armour
 a - a +0 robe (worn)
Potions
 b - a potion of magic


   Skills:
 + Level 2.4 Dodging
 + Level 2.4 Stealth
 + Level 3.0 Spellcasting
 + Level 4.5 Summonings


You had 5 spell levels left.
You knew the following spells:

 Your Spells              Type           Power      Damage    Failure   Level
a - Summon Small Mammal   Summ           80%        N/A       2%          1

Your spell library contained the following spells:

 Spells                   Type           Power      Damage    Failure   Level
 Call Imp                 Summ           40%        N/A       3%          2
 Call Canine Familiar     Summ           20%        N/A       7%          3
 Summon Blazeheart Golem  Fire/Summ      11%        N/A       52%         4
 Summon Lightning Spire   Summ/Air       11%        N/A       52%         4


Dungeon Overview and Level Annotations

Branches:
Dungeon (1/15)

Altars:


Message History

Confirm with . or Enter, or press ? or * to list all spells.
Your rat disappears in a puff of smoke!
The quokka bites you but does no damage.
Your quokka closely misses the quokka.
Your quokka closely misses the quokka.
Your quokka misses the quokka. The quokka misses you. The quokka bites you.
Your quokka bites the quokka but does no damage.
The quokka barely misses you.
Your quokka bites the quokka but does no damage.
The quokka bites you.
* * * LOW HITPOINT WARNING * * *
You hit the quokka but do no damage.
The quokka is lightly wounded.
Your quokka misses the quokka.
Your quokka bites the quokka but does no damage.
The quokka bites you but does no damage. x2
Something barely misses your quokka.
Casting: Summon Small Mammal (safe; 2% risk of failure)
Confirm with . or Enter, or press ? or * to list all spells.
Your quokka disappears in a puff of smoke!
Your quokka closely misses the quokka.
The quokka barely misses you. The quokka closely misses you.
Something barely misses your quokka.
Casting: Summon Small Mammal (safe; 2% risk of failure)
Confirm with . or Enter, or press ? or * to list all spells.
Your quokka disappears in a puff of smoke!
The quokka barely misses you. The quokka closely misses you.
Your quokka barely misses the quokka.
The quokka barely misses you.
You completely miss the quokka.
Your bat closely misses the quokka.
The quokka barely misses you. Something closely misses your bat.
Your quokka closely misses the quokka.
The quokka closely misses you. The quokka misses you.
You hit the quokka but do no damage.
Your bat hits the quokka but does no damage.
Your quokka barely misses the quokka.
The quokka misses you. Something bites your bat. The quokka misses you.
Casting: Summon Small Mammal (safe; 2% risk of failure)
Confirm with . or Enter, or press ? or * to list all spells.
Your bat disappears in a puff of smoke!
Your quokka bites the quokka.
The quokka bites you.
You die...

#.# #..........# #.[.
#........... ..###
####...#..<# ...# #..###(##
#.## #...#...# ####.#.ยง###
#........ ..........b#
#.......# ..(.....##r#####
#......##
.....w..##@rr..####.......#
........######.............
......... ######........
#####..## #.####### #.. #.#
... #.% ###


You could see 2 quokkas, a friendly quokka (summoned) and a friendly bat
(summoned).

Vanquished Creatures (collateral kills)
  3 ball pythons (D:1)
3 creatures vanquished.

Notes
Turn   | Place    | Note
-------+----------+-------------------------------------------
     0 | D:1      | Marvel the Deep Elf Summoner began the quest for the Orb.
     0 | D:1      | Reached XP level 1. HP: 10/10 MP: 6/6
    83 | D:1      | Slain by a quokka

Illustrated notes

Levels and vault maps discovered:
D:1:      minmay_arrival_five_plusses, layout_rooms

Action                     || total
---------------------------++-------
  Melee: Unarmed           ||     4
   Cast: Summon Small Mamm ||     9
 Armour: Robe              ||     8
  Dodge: Dodged            ||    20
